 Dungeon Crawl Stone Soup version 0.31-a0-1009-g454b1f1e0a (webtiles) character file.

Game seed: 11376172253468159752

25 kae the Vexing (level 2, 0/19 HPs)
             Began as a Demonspawn Enchanter on Nov 14, 2023.
             Slain by an adder (2 damage)
             ... on level 2 of the Dungeon.
             The game lasted 00:00:43 (920 turns).

kae the Vexing (Demonspawn Enchanter)                Turns: 920, Time: 00:00:43

Health: 0/19       AC:  2    Str:  8    XL:     2   Next: 82%
Magic:  1/5        EV: 12    Int: 16    God:
Gold:   41         SH:  0    Dex: 13    Spells: 3/5 levels left

rFire   . . .        a - +1 dagger
rCold   . . .        (no shield)
rNeg    . . .        b - +0 robe
rPois   .            (no helmet)
rElec   .            (no cloak)
rCorr   .            (no gloves)
SInv    .            (no boots)
Will    .....        (no amulet)
Stlth   ++           (no ring)
HPRegen 0.23/turn    (no ring)
MPRegen 0.09/turn

%: no passive effects
@: lethally poisoned (0 -> -2)
A: weakness stinger 1
a: no special abilities


You were on level 2 of the Dungeon.
You visited 1 branch of the dungeon, and saw 2 of its levels.

You collected 41 gold pieces.


Innate Abilities, Weirdness & Mutations

You have a small tail.


   Skills:
 + Level 1.4 Short Blades
 - Level 1.7 Dodging
 + Level 3.0 Stealth
 + Level 2.3 Spellcasting
 + Level 3.2 Hexes
 + Level 0.2 Ice Magic


You had 3 spell levels left.
You knew the following spells:

 Your Spells              Type           Power      Damage    Failure   Level
a - Ensorcelled Hibernat  Hex/Ice        14%        N/A       16%         2

Your spell library contained the following spells:

 Spells                   Type           Power      Damage    Failure   Level
 Confusing Touch          Hex            12%        N/A       16%         3
 Tukima's Dance           Hex            12%        N/A       16%         3
 Dazzling Flash           Conj/Hex       14%        N/A       30%         3
 Gell's Gravitas          Tloc           1%         N/A       52%         3
 Teleport Other           Tloc           1%         N/A       52%         3
 Dispersal                Tloc           0%         N/A       100%        6

Inventory:

Hand Weapons
 a - a +1 dagger (weapon)
Missiles
 e - 18 stones
 g - 6 boomerangs
Armour
 b - a +0 robe (worn)
Jewellery
 N - a ring of positive energy
   (You found it on level 1 of the Dungeon)
Scrolls
 f - 2 scrolls of noise {unknown}
 j - a scroll of identify {unknown}
 k - a scroll of enchant armour {unknown}
Potions
 c - 2 potions of invisibility
 d - a potion of might {unknown}
 h - 2 potions of heal wounds {unknown}
 i - a potion of brilliance {unknown}

Dungeon Overview and Level Annotations

Branches:
Dungeon (2/15) Zot: 11082

Altars:

#...........[......
#########.####.....
####....# ###
###....#######
###>........!...
...........#####
.....^.....#
...........#
###....@####
#####S# #.# ... ...
..... ..... ..#....


You could see an adder.


Message History

A hobgoblin is nearby!
The hobgoblin shouts!
You hear an angry hiss.
A frilled lizard comes into view.
There are monsters nearby!
You hit the hobgoblin.
You kill the hobgoblin!
A frilled lizard is nearby!
The frilled lizard bites you. 😕 HP[-1]
You take 1 damage, and now have 18/19 hp.
A frilled lizard is nearby!
You hit the frilled lizard.
You kill the frilled lizard!
No target in view!
You see here a +0 scale mail.
You see here a +0 ring mail.
You see here the +7 chain mail "Tysat" {Will+ Slay+3 Stlth+}.
No target in view!
No target in view! 😎 HP[+1]
Your hp is fully restored (19).
Found a stone staircase leading down.
No target in view!
No target in view!
A hobgoblin comes into view.
A hobgoblin is nearby!
The hobgoblin shouts!
A hobgoblin is nearby!
A hobgoblin is nearby!
You barely miss the hobgoblin. The hobgoblin closely misses you.
An adder comes into view.
The adder hisses angrily.
You hit the hobgoblin but do no damage. The hobgoblin hits you. 😕 HP[-2]
You take 2 damage, and now have 17/19 hp.
There are monsters nearby!
You closely miss the hobgoblin. The hobgoblin barely misses you.
You hit the hobgoblin. The hobgoblin hits you. 😕 HP[-2]
You take 2 damage, and now have 15/19 hp.
There are monsters nearby!
You hit the hobgoblin. The hobgoblin hits you.
You are too injured to fight recklessly! 😮 HP[-3]
You take 3 damage, and now have 12/19 hp.
There are monsters nearby!
You are too injured to fight recklessly!
You are too injured to fight recklessly!
There are monsters nearby!
You are too injured to fight recklessly!
You are too injured to fight recklessly!
There are monsters nearby!
You are too injured to fight recklessly!
You are too injured to fight recklessly!
There are monsters nearby!
You are too injured to fight recklessly!
You are too injured to fight recklessly!
Casting: Ensorcelled Hibernation (safe; 16% risk of failure)
Confirm with . or Enter, or press ? or * to list all spells.
Aiming: Ensorcelled Hibernation (safe; 16% risk of failure)
Press: ? - help, Shift-Dir - straight line, f - hobgoblin
Aim: a hobgoblin (severely wounded, chance to affect: 58%)
The hobgoblin looks drowsy... 😮 MP[-2]
You lost 2 mp, and now have 3/5 mp.
The helpless hobgoblin fails to defend itself.
You puncture the hobgoblin!
You kill the hobgoblin!
You closely miss the adder.
Your tail-slap misses the adder.
The adder bites you.
* * * LOW HITPOINT WARNING * * *
The adder misses you. 😨 HP[-4]
You take 4 damage, and now have 8/19 hp.
MASSIVE DAMAGE!! (PAUSE)
Casting: Ensorcelled Hibernation (safe; 16% risk of failure)
Confirm with . or Enter, or press ? or * to list all spells.
Aiming: Ensorcelled Hibernation (safe; 16% risk of failure)
Press: ? - help, Shift-Dir - straight line, f - adder
Aim: an adder (chance to affect: 50%)
The adder resists with some effort.
The adder bites you.
* * * LOW HITPOINT WARNING * * *
You are poisoned.
The adder poisons you! 😱 HP[-4] MP[-2]
You take 4 damage, and now have 4/19 hp.
MASSIVE DAMAGE!! (PAUSE)
You lost 2 mp, and now have 1/5 mp.
Okay, then.
You closely miss the adder.
Your tail-slap misses the adder.
* * * LOW HITPOINT WARNING * * *
You feel sick. The adder bites you.
* * * LOW HITPOINT WARNING * * *
😱 HP[-1]
You take 1 damage, and now have 3/19 hp.
Unknown command.
You closely miss the adder.
* * * LOW HITPOINT WARNING * * *
You feel sick. The adder bites you.
You die...

Skill      XL: |  1  2 |
---------------+-------+-----
Short Blades   | 1 |  1.4
Stealth        | 3 |  3.0
Dodging        | |  1.7
Spellcasting   | |  2.3
Hexes          | |  3.2
Ice Magic      | |  0.2

Action                     || total
---------------------------++-------
  Melee: Dagger            ||    65
         Punch             ||     1
         Tailslap          ||     3
   Cast: Ensorcelled Hiber ||     3
   Stab: Sleeping          ||     5
 Armour: Robe              ||    43
  Dodge: Dodged            ||    40

Levels and vault maps discovered:
D:1:      dpeg_arrival_signposts, layout_rooms, nicolae_figureground_sparkle
D:2:      layout_basic, basic_altar

Notes
Turn   | Place    | Note
-------+----------+-------------------------------------------
     0 | D:1      | kae the Demonspawn Enchanter began the quest for the Orb.
     0 | D:1      | Reached XP level 1. HP: 13/13 MP: 3/3
     0 | D:1      | magus.rc [v1.11.3]
    81 | D:1      | Reached skill level 1 in Short Blades
   169 | D:1      | Gained mutation: You have a small tail. [demonic ancestry]
   169 | D:1      | Reached XP level 2. HP: 19/19 MP: 5/5
   390 | D:1      | Learned a level 2 spell: Ensorcelled Hibernation
   407 | D:1      | You add the spells Gell's Gravitas, Teleport Other and
                  | Dispersal to your library.
   632 | D:1      | Reached skill level 3 in Stealth
   894 | D:2      | Identified the +7 chain mail "Tysat" {Will+ Slay+3 Stlth+}
   918 | D:2      | HP: 4/19 [adder (4)]
   920 | D:2      | Slain by an adder

Vanquished Creatures
  A dart slug (D:1)
  2 ball pythons (D:1)
  3 endoplasms (D:1)
  4 hobgoblins
  2 quokkas (D:1)
  A bat (D:1)
  2 frilled lizards
  4 kobolds (D:1)
  4 rats (D:1)
23 creatures vanquished.

Table legend:
 A = Non-vault XP
 B = Vault XP
 C = Vault XP percentage of total XP
 D = Non-vault monster count
 E = Vault monster count
 F = Vault count percentage of total count
                 A         B        C        D         E       F
            +---------+---------+-------+---------+---------+-------
      Total |      36 |       0 |   0.0 |      23 |       0 |   0.0
            +---------+---------+-------+---------+---------+-------
        D:1 |      31 |       0 |   0.0 |      20 |       0 |   0.0
        D:2 |       5 |       0 |   0.0 |       3 |       0 |   0.0
            +---------+---------+-------+---------+---------+-------

Skill      XL: |  1  2 |
---------------+-------+-----
Short Blades   | 1 |  1.4
Stealth        | 3 |  3.0
Dodging        | |  1.7
Spellcasting   | |  2.3
Hexes          | |  3.2
Ice Magic      | |  0.2

Action                     || total
---------------------------++-------
  Melee: Dagger            ||    65
         Punch             ||     1
         Tailslap          ||     3
   Cast: Ensorcelled Hiber ||     3
   Stab: Sleeping          ||     5
 Armour: Robe              ||    43
  Dodge: Dodged            ||    40

Illustrated notes

Table legend:
 A = Kills in this place as a percentage of kills in the entire game.
 B = Kills by you in this place as a percentage of kills by you in the entire game.
 C = Kills by friends in this place as a percentage of kills by friends in the entire game.
 D = Other kills in this place as a percentage of other kills in the entire game.
 E = Experience gained in this place as a percentage of experience gained in the entire game.
 F = Experience gained in this place divided by the number of levels of this place that you have seen.
                   A       B       C       D       E      F
               +-------+-------+-------+-------+-------+----------------------
         Total | 100.0 | 100.0 |   N/A |   N/A | 100.0 |  18.0
       Dungeon | 100.0 | 100.0 |   N/A |   N/A | 100.0 |  18.0
               +-------+-------+-------+-------+-------+----------------------

Table legend: (Time is in decaauts)
 A = Elapsed time spent in this place.
 B = Non-inter-level travel time spent in this place.
 C = Inter-level travel time spent in this place.
 D = Time resting spent in this place.
 E = Time spent auto-exploring this place.
 F = Levels seen in this place.
 G = Mean time per level.
                   A        B        C        D        E       F      G
               +--------+--------+--------+--------+--------+-----+--------+
         Total |    916 |    878 |     38 |    115 |    597 |   2 |  458.0 |
       Dungeon |    916 |    878 |     38 |    115 |    597 |   2 |  458.0 |
               +--------+--------+--------+--------+--------+-----+--------+

Top non-repeatable levels by time:
     D:1: 838 daAuts
     D:2: 78 daAuts
